 Dungeon Crawl Stone Soup version 0.30.0-17-ge0270778cf (webtiles) character file.

Game seed: 6603302709503089852

113 Daunt the Trooper (level 4, -2/44 HPs)
             Began as a Hill Orc Hunter on May 21, 2023.
             Slain by a gnoll
             ... wielding a +0 flail
             ... led by a gnoll bouda
              (9 damage)
             ... on level 3 of the Dungeon.
             The game lasted 00:02:26 (1417 turns).

Daunt the Trooper (Hill Orc Hunter)                 Turns: 1417, Time: 00:02:27

Health: -2/44      AC:  3    Str: 15    XL:     4   Next: 96%
Magic:  4/4        EV: 12    Int:  9    God:
Gold:   106        SH:  0    Dex: 20    Spells: 3/3 levels left

rFire   . . .        a - +0 shortbow
rCold   . . .        (shield currently unavailable)
rNeg    . . .        c - +0 leather armour
rPois   .            (no helmet)
rElec   .            (no cloak)
rCorr   .            (no gloves)
SInv    .            (no boots)
Will    .....        (no amulet)
Stlth   ++           l - +6 ring of dexterity
HPRegen 0.27/turn    (no ring)
MPRegen 0.09/turn

%: no passive effects
@: weakened
A: no striking features
a: no special abilities


You were on level 3 of the Dungeon.
You visited 1 branch of the dungeon, and saw 3 of its levels.

You collected 106 gold pieces.

Inventory:

Hand Weapons
 a - a +0 shortbow (weapon)
 g - a +0 sling
Missiles
 h - 8 stones
Armour
 c - a +0 leather armour (worn)
Jewellery
 l - a +6 ring of dexterity (left hand)
Scrolls
 b - a scroll of immolation
 e - a scroll of torment
 i - a scroll of amnesia {unknown}
 j - a scroll of teleportation {unknown}
 k - a scroll of noise {unknown}
 n - a scroll of magic mapping {unknown}
 o - a scroll of fear {unknown}
 p - a scroll of enchant weapon {unknown}
Potions
 d - a potion of haste
 f - 2 potions of resistance
 m - a potion of ambrosia


   Skills:
 + Level 6.0 Fighting
 - Level 3.6 Ranged Weapons
 - Level 1.5 Dodging
 - Level 0.7 Stealth


You had 3 spell levels left.
You didn't know any spells.
Your spell library contained the following spells:

 Spells                   Type           Power      Damage    Failure   Level
 Scorch                   Fire           0%         2d5       58%         2
 Volatile Blastmotes      Fire/Tloc      0%         2d10      83%         3
 Flame Wave               Conj/Fire      0%         2d4       99%         4
 Fulminant Prism          Conj/Hex       0%         3d5       99%         4
 Iskenderun's Mystic Bla  Conj/Tloc      0%         2d3       99%         4
 Lee's Rapid Deconstruct  Erth           0%         3d4*      100%        5
 Summon Cactus Giant      Summ           0%         N/A       100%        6


Dungeon Overview and Level Annotations

Branches:
Dungeon (3/15)

Altars:

Shops:
D:2 =


Message History

Fire: a) +0 shortbow
Press: ? - help, Q - select action, (/) - cycle Shift-Dir - straight line, f/p - gnoll bouda
Aim: a gnoll bouda, wielding a +0 whip and wearing a +0 leather armour (almost dead, 69% to hit)
You shoot an arrow.
The arrow closely misses the gnoll bouda.
The arrow hits the gnoll!
You kill the gnoll!
The gnoll bouda barks out a call to the hunt!
Your Fighting skill increases to level 6!
Unknown command.
Fire: a) +0 shortbow
Press: ? - help, Q - select action, (/) - cycle Shift-Dir - straight line, f/p - gnoll bouda
Aim: a gnoll bouda, wielding a +0 whip and wearing a +0 leather armour (almost dead, 69% to hit)
You shoot an arrow.
The arrow closely misses the gnoll bouda.
The arrow hits the gnoll but does no damage.
The gnoll bouda hits you with a +0 whip!
* * * LOW HITPOINT WARNING * * *
The gnoll bouda closely misses you.
Unknown command.
Unknown command.
Unknown command.
Fire: a) +0 shortbow
Press: ? - help, Q - select action, (/) - cycle Shift-Dir - straight line, f/p - gnoll bouda
Aim: a gnoll bouda, wielding a +0 whip and wearing a +0 leather armour (almost dead, 69% to hit)
You shoot an arrow.
The arrow closely misses the gnoll bouda.
The arrow hits the gnoll but does no damage.
The gnoll bouda gazes fiercely through you!
You feel as though you will be weak longer.
The gnoll bouda barely misses you.
Unknown command.
Unknown command.
Fire: a) +0 shortbow
Press: ? - help, Q - select action, (/) - cycle Shift-Dir - straight line, f/p - gnoll bouda
Aim: a gnoll bouda, wielding a +0 whip and wearing a +0 leather armour (almost dead, 69% to hit)
You shoot an arrow. The arrow hits the gnoll bouda.
You kill the gnoll bouda!
The gnoll hits you with a +0 flail!
You die...

. .. ... .... .....
......###### ###
.....gg@)..####.######.
......####.............
.......>...####.######
......####...#..# ...
###...##### ..
#.†......... .
##.#########. .. #..#
.. #.##


You could see 2 gnolls.

Vanquished Creatures
  A gnoll bouda (D:3)
  Jessica (D:2)
  A gnoll (D:3)
  An adder (D:2)
  A worm (D:3)
  4 dart slugs
  4 bats
  3 endoplasms
  5 giant cockroaches
  8 goblins
  5 hobgoblins
  4 jackals (D:1)
  7 kobolds
  2 quokkas
  4 frilled lizards
  4 rats
55 creatures vanquished.

Notes
Turn   | Place    | Note
-------+----------+-------------------------------------------
     0 | D:1      | Daunt the Hill Orc Hunter began the quest for the Orb.
     0 | D:1      | Reached XP level 1. HP: 18/18 MP: 1/1
    20 | D:1      | Reached skill level 3 in Fighting
    25 | D:1      | Found a faded altar of an unknown god.
    30 | D:1      | Reached XP level 2. HP: 26/26 MP: 2/2
   163 | D:1      | Reached skill level 4 in Fighting
   179 | D:1      | Reached XP level 3. HP: 33/33 MP: 3/3
   647 | D:2      | Found Ajerean's Jewellery Shoppe.
   772 | D:2      | Noticed Jessica
   775 | D:2      | Killed Jessica
   776 | D:2      | Reached skill level 5 in Fighting
   776 | D:2      | Reached XP level 4. HP: 41/42 MP: 4/4
  1415 | D:3      | Reached skill level 6 in Fighting
  1417 | D:3      | Slain by a gnoll

Illustrated notes

Levels and vault maps discovered:
D:1:      ldierk_walled_garden_2, layout_loops_ring, basic_ecumenical_altar
D:2:      layout_basic, serial_shops, shop, minmay_distorted, uniq_jessica
D:3:      layout_rooms, nicolae_overflow_crystal_walls

Skill      XL: |  1  2  3  4 |
---------------+-------------+-----
Fighting       | 3 4 5 6 |  6.0
Ranged Weapons | |  3.6
Dodging        | |  1.5
Stealth        | |  0.7

Action                     |  1- 3 |  4- 6 || total
---------------------------+-------+-------++-------
   Fire: Shortbow          |   105 |    45 ||   150
    Use: Scroll            |       |     4 ||     4
 Armour: Leather armour    |    25 |     6 ||    31
  Dodge: Dodged            |    28 |    19 ||    47
